 Dungeon Crawl Stone Soup version 0.22.1-2-g9c5b331 (webtiles) character file.

23 Matador8 the Firebug (level 3, -6/27 HPs)
             Began as a Human Wanderer on Dec 17, 2018.
             Mangled by a gnoll
             ... wielding a +0 spear
              (9 damage)
             ... on level 1 of the Dungeon.
             The game lasted 00:05:08 (1285 turns).

Matador8 the Firebug (Human Wanderer)               Turns: 1285, Time: 00:05:09

Health: -6/27      AC:  4    Str: 14    XL:     3   Next: 10%
Magic:  4/4        EV: 10    Int: 13    God:
Gold:   50         SH:  0    Dex: 10    Spells: 4/4 levels left

rFire    . . .     SeeInvis .   m - +0 dagger
rCold    . . .     Gourm    .   (no shield)
rNeg     . . .     Faith    .   o - +0 leather armour
rPois    .         Spirit   .   (no helmet)
rElec    .         Reflect  .   (no cloak)
rCorr    .         Harm     .   (no gloves)
MR       .....                  k - +0 pair of boots
Stlth    +.........             (no amulet)
HPRegen  0.09/turn              (no ring)
MPRegen  0.09/turn              (no ring)

@: no status effects
A: no striking features
a: no special abilities


You were on level 1 of the Dungeon.
You were not hungry.

You visited 1 branch of the dungeon, and saw 2 of its levels.

You collected 50 gold pieces.

Inventory:

Hand Weapons
 b - a +2 blowgun
 m - a +0 dagger (weapon)
Armour
 k - a +0 pair of boots (worn)
 o - a +0 leather armour (worn)
Scrolls
 a - a scroll of fog {unknown}
 c - a scroll of immolation {unknown}
 d - 4 scrolls of identify {unknown}
 g - a scroll of remove curse {unknown}
 h - 2 scrolls of teleportation {unknown}
 i - a scroll of enchant weapon {unknown}
 j - a scroll of enchant armour {unknown}
 n - a scroll of blinking {unknown}
Potions
 l - 2 potions of resistance {unknown}
Comestibles
 f - 2 rations


   Skills:
 + Level 1.8 Fighting
 + Level 1.2 Short Blades
 - Level 1.3 Throwing
 - Level 2.0 Armour
   Level 1.0 Shields
 - Level 0.3 Unarmed Combat
 - Level 1.1 Spellcasting
   Level 2.0 Translocations
   Level 2.0 Fire Magic


You had 4 spell levels left.
You didn't know any spells.
Your spell library contained the following spells:

 Spells                   Type           Power        Failure   Level  Hunger
 Apportation              Tloc           #.....       16%         1    ##.....
 Pain                     Necr           #...         34%         1    ##.....
 Lesser Beckoning         Tloc           #.........   41%         3    ####...
 Regeneration             Chrm/Necr      #.........   71%         3    ####...


Dungeon Overview and Level Annotations

Branches:
Dungeon (2/15)

Altars:
Dithmenos


Message History

You hit the gnoll.
The gnoll is moderately wounded.
The gnoll completely misses you.
You hit the gnoll.
The gnoll is heavily wounded.
The gnoll hits you with a spear.
You hit the gnoll but do no damage.
The gnoll is heavily wounded.
The gnoll hits you with a spear.
You hit the gnoll but do no damage.
The gnoll is heavily wounded.
The gnoll hits you with a spear!
* * * LOW HITPOINT WARNING * * *
You hit the gnoll but do no damage.
The gnoll is heavily wounded.
The gnoll hits you but does no damage.
You hit the gnoll but do no damage.
The gnoll is heavily wounded.
The gnoll hits you with a spear!
You die...

#...........#.# #.#
###########.#.# #.#
###### ######.#.# ...
#....# #........# .##
#....# #........# .
#....# #........#
#....# #........#
#....###########g#
#...............@#
#....#############
.......# .#.#
##.....#####.#.#######
#...........#........
#....####.###.#####.
#..[.................
#....####.##.######..
#....# #.##.#


You could see a gnoll.

Vanquished Creatures
  2 oozes (D:1)
  A dart slug (D:1)
  2 leopard geckos (D:1)
  2 giant cockroaches (D:1)
  A hobgoblin (D:1)
  A ball python (D:1)
  A bat (D:1)
  A goblin (D:1)
  A kobold (D:1)
12 creatures vanquished.

Notes
Turn   | Place    | Note
-------+----------+-------------------------------------------
     0 | D:1      | Matador8 the Human Wanderer began the quest for the Orb.
     0 | D:1      | Matador8 set off with: a curare-tipped needle, a +2
                  | blowgun, a +0 robe, a ration
     0 | D:1      | Reached XP level 1. HP: 15/15 MP: 2/2
   243 | D:1      | Reached XP level 2. HP: 14/21 MP: 3/3
   285 | D:1      | Reached skill level 1 in Short Blades
   642 | D:1      | Reached XP level 3. HP: 17/27 MP: 4/4
  1269 | D:2      | Found a shadowy altar of Dithmenos.
  1285 | D:1      | Mangled by a gnoll

Skill      XL: |  1  2 |
---------------+-------+-----
Short Blades   | 1 |  1.2
Fighting       | |  1.8
Throwing       | |  1.3
Armour         | |  2.0
Shields        | |  1.0
Unarmed Combat | |  0.3
Spellcasting   | |  1.1
Translocations | |  2.0
Fire Magic     | |  2.0

Action                   || total
-------------------------++-------
Melee: Dagger            ||   106
       Club              ||     7
       Unarmed           ||     7
       Punch             ||     1
 Fire: Blowgun           ||     1
  Eat: Chunk             ||     1
Armor: Robe              ||     9
       Leather armour    ||    29
Dodge: Dodged            ||    71
